 Dungeon Crawl Stone Soup version bcrawl-1.19-7-g22fd707d3b (webtiles) character file.

Game seed: 3640817196742474478

1117 Mrkan the Ruffian (level 8, -5/79 HPs)
             Began as a Troll Hunter on Nov 16, 2019.
             Was a Follower of Yredelemnul.
             Slain by a hippogriff (7 damage)
             ... on level 5 of the Dungeon.
             The game lasted 00:09:06 (5167 turns).

Mrkan the Ruffian (Troll Hunter)                    Turns: 5167, Time: 00:09:06

Health: -5/79      AC:  7    Str: 21    XL:     8   Next: 12%
Magic:  7/7        EV: 10    Int: 10    God:    Yredelemnul [*.....]
Gold:   237        SH:  0    Dex: 10    Spells: 7/7 levels left

rFire    + . .     SeeInvis .     - Unarmed
rCold    + . .     Gourm    +   (no shield)
rNeg     . . .     Faith    .   (armour unavailable)
rPois    .         Spirit   .   (helmet restricted)
rElec    .         Reflect  .   s - scarf {rC+ rF+}
rCorr    .         Harm     .   (gloves unavailable)
MR       .....                  (boots unavailable)
Stlth    +.........             (no amulet)
HPRegen  0.63/turn              (no ring)
MPRegen  0.10/turn              (no ring)

@: no status effects
A: large, almost no armour, unfitting armour, claws 3, fast metabolism 3,
gourmand, regeneration 1, AC +7
a: Animate Remains, Renounce Religion


You were on level 5 of the Dungeon.
You worshipped Yredelemnul.
Yredelemnul was aware of your devotion.
You were not hungry.

You visited 1 branch of the dungeon, and saw 6 of its levels.
You also visited: Ossuary.

You collected 237 gold pieces.

Inventory:

Missiles
 b - 120 large rocks (quivered)
 c - 2 throwing nets {!f}
 C - 47 silver javelins
Armour
 s - a scarf of resistance (worn)
Jewellery
 j - an uncursed ring of poison resistance {unknown}
Wands
 m - a wand of scattershot (6)
 y - a wand of polymorph (19)
Scrolls
 e - 3 scrolls of enchant armour {unknown}
 g - 3 scrolls of fear {unknown}
 h - 7 scrolls of identify {unknown}
 i - 3 scrolls of teleportation {unknown}
 n - 5 scrolls of amnesia {unknown}
 o - a scroll of remove curse {unknown}
 p - a scroll of magic mapping {unknown}
 q - 3 scrolls of enchant weapon {unknown}
 u - 2 scrolls of blinking {unknown}
 v - 2 scrolls of brand weapon {unknown}
 x - a scroll of immolation {unknown}
Potions
 a - 2 potions of ambrosia {unknown}
 f - 3 potions of curing
 k - 2 potions of might {unknown}
 l - a potion of agility {unknown}
 r - 2 potions of degeneration {unknown}
 w - a potion of invisibility {unknown}
 z - 2 potions of resistance {unknown}
 B - a potion of mutation {unknown}
Comestibles
 d - 17 rations {!d}


   Skills:
 + Level 4.8 Fighting
 * Level 3.7 Throwing
 - Level 1.5 Dodging
 - Level 0.4 Stealth
 + Level 7.7 Unarmed Combat


You had 7 spell levels left.
You didn't know any spells.
Your spell library contained the following spells:

 Spells                   Type           Power        Failure   Level  Hunger
 Corona                   Hex            #......      36%         1    ##.....
 Ensorcelled Hibernation  Hex/Ice        #.....       50%         2    ###....
 Confuse                  Hex            #.......     75%         3    ####...
 Dazzling Spray           Conj/Hex       #.....       75%         3    ####...
 Tukima's Dance           Hex            #.......     75%         3    ####...
 Petrify                  Tmut/Erth      #.......     98%         4    #####..
 Yara's Violent Unravell  Hex/Tmut       #.........   98%         4    #####..
 Metabolic Englaciation   Hex/Ice        #.........   100%        5    ######.
 Mana Rupture             Conj/Hex       #.........   100%        7    #######


Dungeon Overview and Level Annotations

Branches:
Dungeon (6/12)             Temple (0/1) D:4

Altars:
Fedhas
Vehumet
Yredelemnul

Shops:
D:4 }

Annotations:
D:3 1 runed door
D:6 Grinder


Innate Abilities, Weirdness & Mutations

You cannot wear most types of armour.
Your thick skin is tough. (AC +7)
You are too large for most types of armour.
You have claws for hands.
Your metabolism is lightning-fast.
You like to eat raw meat.
Your natural rate of healing is unusually fast.


Message History

The hound closely misses your wight.
Your wight closely misses the hound.
The hound bites your wight but does no damage.
Your wight barely misses the hound.
The hound barely misses your wight.
Your wight hits the hound with a cursed +3 halberd!
The hound dies!
Yredelemnul accepts your kill.
You scratch the hippogriff but do no damage.
The hippogriff bites you.
* * * LOW HITPOINT WARNING * * *
The hippogriff pecks you but does no damage.
The hippogriff claws you but does no damage.
Your wight closely misses the hippogriff.
Your wight barely misses the hippogriff.
Your wight hits the hippogriff from afar with a cursed +3 halberd!
The hippogriff bites you!
* * * LOW HITPOINT WARNING * * *
The hippogriff misses you. The hippogriff claws you!
You die...
Your body rises from the dead as a mindless zombie.

####.#.....# #z# #.#
#..#.#.#.#.# #.##########z#
##.#(#.#...# #z#...z.z....#
##z#.#.##..## #.#.##########
##.#.#.##...# #.#.#
##z#.#.###..###z#.#############
#....#..........#...z.z.......#
#....######.################.##
#....'......zz.H@.(......#..<.#
#.†..######†z##.########.#z#.##
##.####.....>#...#.....#.#.#.#
#.# #......#≈≈≈#####.#z#z#.#
#.# #......#≈≈≈# #.#z#.#.# #.#
#......#≈≈≈# #.#.#z#.# #.#
#......#≈≈≈# #.#z#.#.# #.#
########≈.≈# #.#.#.#.# #.#
#≈≈≈# #.#.#...#


You could see a hippogriff and 3 friendly wights.

Vanquished Creatures
  Menkaure (Ossuary)
  A sky beast (D:5)
  Blork the orc (D:5)
  A jelly (D:5)
  2 orc priests (D:5)
  An orc wizard (D:4)
  A bullfrog skeleton (D:4)
  A centaur skeleton (D:5)
  Jessica (D:2)
  An iguana (D:5)
  3 mummies (Ossuary)
  2 hound zombies
  Robin (D:3)
  6 adders
  A shadow imp (D:5)
  An ooze (D:3)
  An adder zombie (D:5)
  An adder skeleton (D:5)
  3 worms
  3 dart slugs
  8 leopard geckos
  15 orcs
  6 bats
  6 giant cockroaches
  4 gnoll zombies
  15 goblins
  12 hobgoblins
  6 jackals
  6 kobolds
  A quokka (D:3)
  3 frilled lizards
  6 gnoll skeletons (Ossuary)
  2 goblin skeletons (Ossuary)
  3 goblin zombies (Ossuary)
  2 hobgoblin skeletons (Ossuary)
  3 hobgoblin zombies (Ossuary)
  4 kobold skeletons (Ossuary)
  4 kobold zombies (Ossuary)
  3 orc skeletons (Ossuary)
  3 orc zombies (Ossuary)
  A quokka skeleton (D:4)
  7 rats
  A rat skeleton (Ossuary)
  3 rat zombies (Ossuary)
157 creatures vanquished.

Vanquished Creatures (collateral kills)
  Sigmund (D:5)
  Duvessa (D:5)
  Dowan (D:5)
  An orc priest (D:4)
  A hound (D:5)
  3 orc wizards
  A worker ant (D:4)
  An adder (D:5)
  A worm (D:5)
  A leopard gecko (D:5)
  7 orcs
  A jackal (D:4)
  A leopard gecko zombie (D:5)
21 creatures vanquished.

Vanquished Creatures (others)
  A gnoll skeleton (Ossuary)
  A gnoll zombie (Ossuary)
  3 goblin skeletons (Ossuary)
  3 goblin zombies (Ossuary)
  A hobgoblin skeleton (Ossuary)
  A hobgoblin zombie (Ossuary)
  A kobold zombie (Ossuary)
  An orc skeleton (Ossuary)
  A rat skeleton (Ossuary)
  A rat zombie (Ossuary)
14 creatures vanquished.

Grand Total: 192 creatures vanquished

Notes
Turn   | Place    | Note
-------+----------+-------------------------------------------
     0 | D:1      | Mrkan the Troll Hunter began the quest for the Orb.
     0 | D:1      | Reached XP level 1. HP: 19/19 MP: 0/0
    58 | D:1      | Reached skill level 1 in Unarmed Combat
    61 | D:1      | Reached XP level 2. HP: 16/28 MP: 1/1
   338 | D:1      | Reached skill level 2 in Unarmed Combat
   426 | D:1      | Reached XP level 3. HP: 35/35 MP: 2/2
   822 | D:2      | Noticed Jessica
   837 | D:2      | Killed Jessica
  1022 | D:2      | Reached skill level 3 in Unarmed Combat
  1022 | D:2      | Gained mutation: Your natural rate of healing is unusually
                  | fast. [Troll growth]
  1022 | D:2      | Reached XP level 4. HP: 43/44 MP: 3/3
  1424 | D:3      | Found a runed door.
  1445 | D:3      | Noticed Robin
  1463 | D:3      | Reached XP level 5. HP: 26/50 MP: 4/4
  1482 | D:3      | Killed Robin
  1482 | D:3      | Reached skill level 4 in Unarmed Combat
  1794 | D:3      | Found a basalt altar of Yredelemnul.
  1922 | D:3      | Became a worshipper of Yredelemnul the Dark
  2058 | D:3      | Found a blossoming altar of Fedhas.
  2795 | D:4      | Reached XP level 6. HP: 53/61 MP: 5/5
  2834 | D:4      | Found a staircase to the Ecumenical Temple.
  2868 | D:4      | Found Jalaikhla's Gadget Shop.
  3061 | D:4      | Reached skill level 5 in Unarmed Combat
  3668 | D:5      | Entered Level 5 of the Dungeon
  3696 | D:5      | Noticed a sky beast
  3708 | D:5      | Killed a sky beast
  3834 | D:5      | Found a radiant altar of Vehumet.
  3951 | D:5      | Found a sand-covered staircase.
  3959 | Ossuary  | Entered an ossuary
  4205 | Ossuary  | Noticed Menkaure
  4212 | Ossuary  | Killed Menkaure
  4212 | Ossuary  | Reached skill level 6 in Unarmed Combat
  4212 | Ossuary  | Reached XP level 7. HP: 62/68 MP: 6/6
  4574 | D:5      | Noticed Blork the orc
  4577 | D:5      | Noticed Duvessa
  4578 | D:5      | Noticed Dowan
  4582 | D:5      | Killed Blork the orc
  4588 | D:5      | Killed Duvessa
  4588 | D:5      | Reached skill level 7 in Unarmed Combat
  4589 | D:5      | Killed Dowan
  4655 | D:5      | Reached * piety under Yredelemnul
  4854 | D:5      | Noticed Sigmund
  4857 | D:5      | Killed Sigmund
  4857 | D:5      | Reached XP level 8. HP: 66/79 MP: 7/7
  5146 | D:6      | Noticed Grinder
  5146 | D:6      | Noticed a hippogriff
  5157 | D:6      | HP: 2/79 [hound (3)]
  5167 | D:5      | HP: 2/79 [hippogriff (9)]
  5167 | D:5      | Slain by a hippogriff

Skill      XL: |  1  2  3  4  5  6  7 |
---------------+----------------------+-----
Unarmed Combat | 1 2 3 4 6 7 |  7.7
Fighting       | 2 3 4 |  4.8
Throwing       | |  3.7
Dodging        | |  1.5
Stealth        | |  0.4

Action                   |  1- 3 |  4- 6 |  7- 9 || total
-------------------------+-------+-------+-------++-------
Melee: Unarmed           |   107 |   253 |    71 ||   431
       Short sword       |     2 |       |       ||     2
       Punch             |       |     4 |     1 ||     5
  Use: Potion            |       |       |     1 ||     1
  Eat: Chunk             |     9 |    17 |     5 ||    31
Armor: Skin              |    53 |   123 |    33 ||   209
Dodge: Dodged            |    79 |   127 |    51 ||   257
